| TOP OF THE 1ST |
|
Elizabethton Twins batting - Pitching for Burlington Royals : RHP Matt Slater
|
|
Pitching: RHP Matt Slater
|
|
|
Batting: RHB Andrew Nicol
|
0-0: Ball 1-0: SOLO HOME RUN (Flyball, 7LD, EV 91.9 MPH), Distance : 331 ft
|
|
Batting: LHB David Campbell
|
0-0: Ground out 4-3 (Groundball, 4, EV 82.5 MPH)
|
|
Batting: SHB Dan Morataya
|
0-0: Ball 1-0: Ball 2-0: Called Strike 2-1: Foul Ball, location: 2F 2-2: Foul Ball, location: 2F 2-2: Hit by Pitch
|
|
Batting: SHB Chris Hull
|
0-0: Ball 1-0: Ball 2-0: Fielders Choice at 2nd, 1-6 (Groundball, P, EV 71.9 MPH)
|
|
Batting: RHB Jose Gracia
|
0-0: Ball 1-0: Called Strike 1-1: Foul Ball, location: 2F 1-2: Fielders Choice at 2nd, 5-4 (Groundball, 5, EV 87.5 MPH)
|
| Top of the 1st over - 1 run, 1 hit, 0 errors, 1 left on base; Elizabethton 1 - Burlington 0 |
| BOTTOM OF THE 1ST |
|
Burlington Royals batting - Pitching for Elizabethton Twins : RHP Andrew Rich
|
|
Pitching: RHP Andrew Rich
|
|
|
Batting: LHB Ernesto Abreu
|
0-0: Ball 1-0: Swinging Strike 1-1: Swinging Strike 1-2: Ball 2-2: SINGLE (Groundball, 6, EV 96.2 MPH)
|
|
Batting: RHB Tim Persson
|
0-0: Called Strike 0-1: Ball 1-1: Ball Ernesto Abreu steals 2nd base (no throw) 2-1: Fly out, F8 (Flyball, 89D, EV 86.2 MPH) Runner from 2nd tags up, SAFE at 3rd, no throw by CF
|
|
Batting: SHB Manny Berrones
|
0-0: Ball 1-0: Ball 2-0: SINGLE (Groundball, 6M, EV 109.4 MPH) (infield hit) Ernesto Abreu scores
|
|
Batting: SHB Danny Ballenger
|
0-0: Called Strike 0-1: Ball 1-1: Ball Wild Pitch! Manny Berrones to second 2-1: Fly out, F7 (Flyball, 7D, EV 93.1 MPH)
|
|
Batting: RHB Rob Ward
|
0-0: Called Strike 0-1: Ball 1-1: Ball 2-1: Ball 3-1: Base on Balls
|
|
Pitching: RHP Bud Puffer
|
|
|
Batting: LHB Bobby Gonzalez
|
0-0: Called Strike 0-1: Foul Ball, location: 2F 0-2: Ball 1-2: Strikes out swinging
|
| Bottom of the 1st over - 1 run, 2 hits, 0 errors, 2 left on base; Elizabethton 1 - Burlington 1 |
| TOP OF THE 2ND |
|
Elizabethton Twins batting - Pitching for Burlington Royals : RHP Matt Slater
|
|
Batting: RHB Alex Belton
|
0-0: Called Strike 0-1: Reached on error, E4 (Groundball, 4, EV 103.1 MPH)
|
|
Batting: RHB Nick Phipps
|
0-0: Ball 1-0: SINGLE (Groundball, 56D, EV 94.4 MPH) Alex Belton to third
|
|
Batting: RHB Jimmy Mayville
|
0-0: Ball Nick Phipps steals 2nd base 1-0: Called Strike 1-1: Ground out 6-3 (Groundball, 56, EV 100.0 MPH) Alex Belton scores
|
|
Batting: RHB Miguel Castella
|
0-0: Foul Ball, location: 2F 0-1: Ball 1-1: Called Strike Nick Phipps steals 3rd base 1-2: Ball 2-2: Ball 3-2: SINGLE (Line Drive, 9, EV 106.9 MPH) Nick Phipps scores
|
|
Batting: RHB Andrew Nicol
|
0-0: Called Strike 0-1: Ball 1-1: Called Strike 1-2: Ball 2-2: Foul Ball, location: 2F 2-2: Strikes out looking
|
|
Batting: LHB David Campbell
|
0-0: Ball 1-0: Ground out 4-3 (Groundball, 4, EV 99.4 MPH)
|
| Top of the 2nd over - 2 runs, 2 hits, 1 error, 1 left on base; Elizabethton 3 - Burlington 1 |
| BOTTOM OF THE 2ND |
|
Burlington Royals batting - Pitching for Elizabethton Twins : RHP Bud Puffer
|
|
Batting: SHB Marcos Cortez
|
0-0: Ball 1-0: Foul Ball, location: 2F 1-1: Foul Ball, location: 2F 1-2: Ball 2-2: Foul Ball, location: 2F 2-2: Strikes out swinging
|
|
Batting: RHB Shane Bruce
|
0-0: Ball 1-0: Ball 2-0: DOUBLE (Line Drive, 78M, EV 88.8 MPH)
|
|
Batting: RHB Tim Tucker
|
0-0: Called Strike 0-1: Ground out 1-3 (Groundball, 15S, EV 69.4 MPH)
|
|
Batting: LHB Ernesto Abreu
|
0-0: Ball 1-0: Ball 2-0: Ball 3-0: Called Strike 3-1: Base on Balls
|
|
Pitching: RHP Jon Hice
|
|
|
Batting: RHB Tim Persson
|
0-0: Fielders Choice at 2nd, U6 (Groundball, 6M, EV 90.6 MPH)
|
| Bottom of the 2nd over - 0 runs, 1 hit, 0 errors, 2 left on base; Elizabethton 3 - Burlington 1 |
| TOP OF THE 3RD |
|
Elizabethton Twins batting - Pitching for Burlington Royals : RHP Matt Slater
|
|
Batting: SHB Dan Morataya
|
0-0: Ball 1-0: Ball 2-0: Foul Ball, location: 2F 2-1: Foul Ball, location: 2F 2-2: Ball 3-2: Base on Balls
|
|
Batting: SHB Chris Hull
|
0-0: Called Strike Dan Morataya steals 2nd base 0-1: Ball 1-1: Foul Ball, location: 2F 1-2: Ball 2-2: Foul Ball, location: 2F 2-2: Ball 3-2: Foul Ball, location: 2F 3-2: Foul Ball, location: 2F 3-2: DOUBLE (Flyball, 89D, EV 100.6 MPH) Dan Morataya scores
|
|
Batting: RHB Jose Gracia
|
0-0: Ball 1-0: Ball 2-0: Called Strike 2-1: Called Strike 2-2: Foul Ball, location: 2F 2-2: Ball 3-2: Foul Ball, location: 2F 3-2: Ground out 4-3 (Groundball, 4, EV 85.6 MPH) Chris Hull to third
|
|
Batting: RHB Alex Belton
|
0-0: Called Strike 0-1: Ball 1-1: Ball 2-1: Fly out, F8 (Line Drive, 8LM, EV 91.9 MPH)
|
|
Batting: RHB Nick Phipps
|
0-0: Called Strike 0-1: Ball 1-1: Ball 2-1: Foul Ball, location: 2F 2-2: Strikes out swinging
|
| Top of the 3rd over - 1 run, 1 hit, 0 errors, 1 left on base; Elizabethton 4 - Burlington 1 |
| BOTTOM OF THE 3RD |
|
Burlington Royals batting - Pitching for Elizabethton Twins : RHP Jon Hice
|
|
Batting: SHB Manny Berrones
|
0-0: Called Strike 0-1: Foul Ball, location: 2F 0-2: Strikes out looking
|
|
Batting: SHB Danny Ballenger
|
0-0: Ball 1-0: Called Strike 1-1: Ball 2-1: Foul Ball, location: 2F 2-2: Foul Ball, location: 2F 2-2: Ball 3-2: Base on Balls
|
|
Batting: RHB Rob Ward
|
0-0: Ball 1-0: Ball 2-0: Called Strike 2-1: Ball 3-1: Base on Balls Danny Ballenger to second
|
|
Batting: LHB Bobby Gonzalez
|
0-0: Swinging Strike 0-1: Ball 1-1: Called Strike 1-2: Strikes out swinging
|
|
Batting: SHB Marcos Cortez
|
0-0: Ball 1-0: Ball 2-0: Called Strike 2-1: Ball 3-1: Foul Ball, location: 2F 3-2: Foul Ball, location: 2F 3-2: Foul Ball, location: 2F 3-2: Foul Ball, location: 2F 3-2: Foul Ball, location: 2F 3-2: Foul Ball, location: 2F 3-2: Foul Ball, location: 2F 3-2: Base on Balls Danny Ballenger to third Rob Ward to second
|
|
Batting: RHB Shane Bruce
|
0-0: Ball 1-0: Foul Ball, location: 2F 1-1: Foul Ball, location: 2F 1-2: Strikes out swinging
|
| Bottom of the 3rd over - 0 runs, 0 hits, 0 errors, 3 left on base; Elizabethton 4 - Burlington 1 |
| TOP OF THE 4TH |
|
Elizabethton Twins batting - Pitching for Burlington Royals : RHP Matt Slater
|
|
Batting: RHB Jimmy Mayville
|
0-0: Ball 1-0: Ball 2-0: Ball 3-0: Base on Balls
|
|
Batting: RHB Miguel Castella
|
Pickoff Throw to First - Out! 1-3 0-0: Called Strike 0-1: Ball 1-1: Foul Ball, location: 2F 1-2: Foul Ball, location: 2F 1-2: Ball 2-2: Strikes out swinging
|
|
Batting: RHB Andrew Nicol
|
0-0: Ball 1-0: Ball 2-0: Called Strike 2-1: Ball 3-1: Foul Ball, location: 2F 3-2: Base on Balls
|
|
Batting: LHB David Campbell
|
0-0: Ball Andrew Nicol steals 2nd base 1-0: Called Strike 1-1: Ball 2-1: Swinging Strike 2-2: Foul Ball, location: 2F 2-2: Foul Ball, location: 2F 2-2: SINGLE (Groundball, 56D, EV 100.6 MPH) Andrew Nicol to third Runner from 3rd tries for Home, SAFE, throw by LF to home David Campbell to second
|
|
Pitching: RHP Angel Castorena
|
|
|
Batting: SHB Dan Morataya
|
0-0: Ball 1-0: Ball 2-0: Ball 3-0: Base on Balls
|
|
Batting: SHB Chris Hull
|
0-0: Fly out, F8 (Line Drive, 8RM, EV 94.4 MPH)
|
| Top of the 4th over - 1 run, 1 hit, 0 errors, 2 left on base; Elizabethton 5 - Burlington 1 |
| BOTTOM OF THE 4TH |
|
Burlington Royals batting - Pitching for Elizabethton Twins : RHP Jon Hice
|
|
Batting: RHB Tim Tucker
|
0-0: Ball 1-0: Ball 2-0: Called Strike 2-1: Ball 3-1: Called Strike 3-2: SINGLE (Groundball, 6MD, EV 105.0 MPH)
|
|
Batting: LHB Ernesto Abreu
|
0-0: Foul Ball, location: 2F 0-1: Ball 1-1: Ball 2-1: Ball Wild Pitch! Tim Tucker to second 3-1: Base on Balls
|
|
Batting: RHB Tim Persson
|
0-0: Ball 1-0: Fly out, F8 (Flyball, 8LXD, EV 83.8 MPH) Runner from 2nd tags up, SAFE at 3rd, no throw by CF
|
|
Batting: SHB Manny Berrones
|
0-0: Called Strike 0-1: SINGLE (Line Drive, 78S, EV 93.1 MPH) Tim Tucker scores Ernesto Abreu to second Runner from 2nd tries for 3rd, OUT! 8-5
|
|
Batting: SHB Danny Ballenger
|
0-0: Ball 1-0: Ball 2-0: Ball 3-0: Called Strike 3-1: Base on Balls Manny Berrones to second
|
|
Batting: RHB Rob Ward
|
0-0: Ball 1-0: Foul Ball, location: 2F 1-1: Called Strike 1-2: Foul Ball, location: 2F 1-2: Foul Ball, location: 2F 1-2: SINGLE (Groundball, 4MD, EV 106.2 MPH) Manny Berrones to third Danny Ballenger to second
|
|
Pitching: RHP Jorge Corte
|
|
|
Batting: LHB Bobby Gonzalez
|
0-0: Ball 1-0: Ball 2-0: Foul Ball, location: 2F 2-1: Ball 3-1: Foul Ball, location: 2F 3-2: SINGLE (Line Drive, 7LM, EV 104.4 MPH) Manny Berrones scores Danny Ballenger to third Rob Ward to second Danny Ballenger scores Rob Ward to third
|
|
Batting: SHB Marcos Cortez
|
0-0: Foul Ball, location: 2F 0-1: Ball Bobby Gonzalez steals 2nd base 1-1: Called Strike 1-2: Ball 2-2: Ball 3-2: Foul Ball, location: 2F 3-2: Base on Balls
|
|
Batting: RHB Shane Bruce
|
0-0: Foul Ball, location: 2F 0-1: Called Strike 0-2: Ball 1-2: Ball 2-2: Ball Wild Pitch! Rob Ward scores Bobby Gonzalez to third Marcos Cortez to second 3-2: Foul Ball, location: 2F 3-2: Strikes out swinging
|
| Bottom of the 4th over - 4 runs, 4 hits, 0 errors, 2 left on base; Elizabethton 5 - Burlington 5 |
| TOP OF THE 5TH |
|
Elizabethton Twins batting - Pitching for Burlington Royals : RHP Angel Castorena
|
|
Batting: RHB Jose Gracia
|
0-0: Ball 1-0: Foul Ball, location: 2F 1-1: Ball 2-1: Foul Ball, location: 2F 2-2: Fly out, F8 (Flyball, 8LXD, EV 102.5 MPH)
|
|
Batting: RHB Alex Belton
|
0-0: Ball 1-0: Ball 2-0: Swinging Strike 2-1: Foul Ball, location: 2F 2-2: Ball 3-2: Foul Ball, location: 2F 3-2: Base on Balls
|
|
Batting: RHB Nick Phipps
|
0-0: Ball Alex Belton is caught stealing 2nd base 2-4 1-0: Called Strike 1-1: Ball 2-1: Called Strike 2-2: SOLO HOME RUN (Flyball, 78XD, EV 100.0 MPH), Distance : 398 ft
|
|
Batting: RHB Jimmy Mayville
|
0-0: Swinging Strike 0-1: Ball 1-1: Ground out 6-3 (Groundball, 6M, EV 83.8 MPH)
|
| Top of the 5th over - 1 run, 1 hit, 0 errors, 0 left on base; Elizabethton 6 - Burlington 5 |
| BOTTOM OF THE 5TH |
|
Burlington Royals batting - Pitching for Elizabethton Twins : RHP Jorge Corte
|
|
Batting: RHB Tim Tucker
|
0-0: Ground out 5-3 (Groundball, 56, EV 101.9 MPH)
|
|
Batting: LHB Ernesto Abreu
|
0-0: Called Strike 0-1: Ball 1-1: Ball 2-1: Ball 3-1: Foul Ball, location: 2F 3-2: Foul Ball, location: 2F 3-2: Fly out, F8 (Line Drive, 8RM, EV 93.1 MPH)
|
|
Batting: RHB Tim Persson
|
0-0: Foul Ball, location: 2F 0-1: Swinging Strike 0-2: Strikes out swinging
|
| Bottom of the 5th over - 0 runs, 0 hits, 0 errors, 0 left on base; Elizabethton 6 - Burlington 5 |
| TOP OF THE 6TH |
|
Elizabethton Twins batting - Pitching for Burlington Royals : RHP Angel Castorena
|
|
Batting: RHB Miguel Castella
|
0-0: Called Strike 0-1: Foul Ball, location: 2F 0-2: Strikes out swinging
|
|
Batting: RHB Andrew Nicol
|
0-0: Ball 1-0: Ball 2-0: Called Strike 2-1: Foul Ball, location: 2F 2-2: Strikes out looking
|
|
Batting: LHB David Campbell
|
0-0: Ball 1-0: Called Strike 1-1: Ball 2-1: SINGLE (Groundball, 4D, EV 100.6 MPH)
|
|
Batting: SHB Dan Morataya
|
0-0: Ball 1-0: Called Strike 1-1: Ball Passed Ball! David Campbell to second 2-1: Foul Ball, location: 2F 2-2: Foul Ball, location: 2F 2-2: Strikes out looking
|
| Top of the 6th over - 0 runs, 1 hit, 0 errors, 1 left on base; Elizabethton 6 - Burlington 5 |
| BOTTOM OF THE 6TH |
|
Burlington Royals batting - Pitching for Elizabethton Twins : RHP Jorge Corte
|
|
Batting: SHB Manny Berrones
|
0-0: Called Strike 0-1: Ball 1-1: Ball 2-1: Called Strike 2-2: Ball 3-2: Base on Balls
|
|
Batting: SHB Danny Ballenger
|
0-0: Called Strike 0-1: Ball 1-1: Ball 2-1: Ball 3-1: Foul Ball, location: 2F 3-2: Foul Ball, location: 2F 3-2: Base on Balls Manny Berrones to second
|
|
Batting: RHB Rob Ward
|
0-0: Ball 1-0: Swinging Strike 1-1: Called Strike 1-2: Foul Ball, location: 2F 1-2: Strikes out looking
|
|
Batting: LHB Bobby Gonzalez
|
0-0: Ball 1-0: Foul Ball, location: 2F 1-1: SINGLE (Flyball, 7, EV 87.5 MPH) Manny Berrones to third Danny Ballenger to second
|
|
Batting: SHB Marcos Cortez
|
0-0: Ball 1-0: Ball 2-0: SINGLE (Groundball, 5, EV 97.5 MPH) Manny Berrones scores Danny Ballenger to third Bobby Gonzalez to second Runner from 3rd tries for Home, SAFE, throw by LF to home
|
|
Batting: RHB Shane Bruce
|
0-0: Ball 1-0: Ball 2-0: Ball Wild Pitch! Bobby Gonzalez to third Marcos Cortez to second 3-0: Intentional Walk
|
|
Batting: RHB Tim Tucker
|
0-0: Grounds into fielders choice 4-2 (Groundball, 4, EV 80.6 MPH) Marcos Cortez to third Shane Bruce to second
|
|
Batting: LHB Ernesto Abreu
|
0-0: Foul Ball, location: 2F 0-1: Ball 1-1: Swinging Strike 1-2: SINGLE (Line Drive, 56, EV 103.8 MPH) Marcos Cortez scores Shane Bruce to third Tim Tucker to second Runner from 3rd tries for Home, SAFE, throw by LF to home
|
|
Pitching: RHP Keith Nix
|
|
|
Batting: RHB Tim Persson
|
0-0: Called Strike 0-1: Foul Ball, location: 2F 0-2: Ball 1-2: Ball 2-2: Foul Ball, location: 2F 2-2: Foul Ball, location: 2F 2-2: Ball 3-2: Base on Balls Tim Tucker to third Ernesto Abreu to second
|
|
Batting: SHB Manny Berrones
|
0-0: Ball 1-0: Ball 2-0: SINGLE (Line Drive, 7S, EV 102.5 MPH) Tim Tucker scores Ernesto Abreu to third Tim Persson to second
|
|
Batting: SHB Danny Ballenger
|
0-0: Swinging Strike 0-1: Ball 1-1: Ball 2-1: Ball 3-1: Base on Balls Ernesto Abreu scores Tim Persson to third Manny Berrones to second
|
|
Batting: RHB Rob Ward
|
0-0: Called Strike 0-1: Foul Ball, location: 2F 0-2: SINGLE (Line Drive, 8RS, EV 110.0 MPH) Tim Persson scores Manny Berrones to third Danny Ballenger to second Runner from 3rd tries for Home, throw by CF and OUT! 8-2
|
| Bottom of the 6th over - 7 runs, 5 hits, 0 errors, 2 left on base; Elizabethton 6 - Burlington 12 |
| TOP OF THE 7TH |
|
Elizabethton Twins batting - Pitching for Burlington Royals : RHP Angel Castorena
|
|
Batting: SHB Chris Hull
|
0-0: Ground out 6-3 (Groundball, 4M, EV 102.5 MPH)
|
|
Batting: RHB Jose Gracia
|
0-0: Foul Ball, location: 2F 0-1: Called Strike 0-2: Fly out, F3 (Popup, 3SF, EV 81.2 MPH)
|
|
Batting: RHB Alex Belton
|
0-0: Ground out 6-3 (Groundball, 6, EV 100.6 MPH)
|
| Top of the 7th over - 0 runs, 0 hits, 0 errors, 0 left on base; Elizabethton 6 - Burlington 12 |
| BOTTOM OF THE 7TH |
|
Burlington Royals batting - Pitching for Elizabethton Twins : RHP Keith Nix
|
|
Batting: LHB Bobby Gonzalez
|
0-0: Foul Ball, location: 2F 0-1: Called Strike 0-2: Ball 1-2: Ball 2-2: Ball 3-2: Base on Balls
|
|
Batting: SHB Marcos Cortez
|
0-0: Fly out, F2 (Popup, 5SF, EV 79.4 MPH)
|
|
Batting: RHB Shane Bruce
|
0-0: Ball Bobby Gonzalez steals 2nd base 1-0: Called Strike 1-1: Ball 2-1: Ball 3-1: Swinging Strike 3-2: Base on Balls
|
|
Batting: RHB Tim Tucker
|
0-0: Bunt missed! 0-1: Bunt - Flyout to 13S! F1
|
|
Batting: LHB Ernesto Abreu
|
0-0: Ball 1-0: Ball 2-0: Foul Ball, location: 2F 2-1: Fly out, F7 (Flyball, 7S, EV 95.6 MPH)
|
| Bottom of the 7th over - 0 runs, 0 hits, 0 errors, 2 left on base; Elizabethton 6 - Burlington 12 |
| TOP OF THE 8TH |
|
Elizabethton Twins batting - Pitching for Burlington Royals : RHP Angel Castorena
|
|
Batting: RHB Nick Phipps
|
0-0: Foul Ball, location: 2F 0-1: Ball 1-1: Called Strike 1-2: Ball 2-2: Ball 3-2: Foul Ball, location: 2F 3-2: Strikes out swinging
|
|
Pitching: LHP Jake Warwick
|
|
|
Batting: RHB Jimmy Mayville
|
0-0: Fly out, F7 (Flyball, 7LM, EV 88.1 MPH)
|
|
Batting: RHB Miguel Castella
|
0-0: Called Strike 0-1: Called Strike 0-2: Strikes out swinging
|
| Top of the 8th over - 0 runs, 0 hits, 0 errors, 0 left on base; Elizabethton 6 - Burlington 12 |
| BOTTOM OF THE 8TH |
|
Burlington Royals batting - Pitching for Elizabethton Twins : RHP Keith Nix
|
|
Batting: RHB Tim Persson
|
0-0: SINGLE (Line Drive, 9LS, EV 107.5 MPH)
|
|
Batting: SHB Manny Berrones
|
0-0: Grounds into double play, 4-6-3 (Groundball, 4, EV 82.5 MPH)
|
|
Batting: SHB Danny Ballenger
|
0-0: Ball 1-0: Foul Ball, location: 2F 1-1: Ball 2-1: Foul Ball, location: 2F 2-2: SINGLE (Groundball, 4MD, EV 96.2 MPH)
|
|
Batting: RHB Rob Ward
|
0-0: Ball 1-0: SINGLE (Groundball, 6D, EV 102.5 MPH) Danny Ballenger to second
|
|
Batting: LHB Bobby Gonzalez
|
0-0: Ball 1-0: Swinging Strike 1-1: Ball 2-1: Foul Ball, location: 2F 2-2: Foul Ball, location: 2F 2-2: Fly out, F8 (Flyball, 78M, EV 91.9 MPH)
|
| Bottom of the 8th over - 0 runs, 3 hits, 0 errors, 2 left on base; Elizabethton 6 - Burlington 12 |
| TOP OF THE 9TH |
|
Elizabethton Twins batting - Pitching for Burlington Royals : LHP Jake Warwick
|
|
Batting: RHB Andrew Nicol
|
0-0: Foul Ball, location: 2F 0-1: Foul Ball, location: 2F 0-2: Foul Ball, location: 2F 0-2: Foul Ball, location: 2F 0-2: Foul Ball, location: 2F 0-2: Ball 1-2: Strikes out swinging
|
|
Batting: LHB David Campbell
|
0-0: Foul Ball, location: 2F 0-1: Ball 1-1: Ball 2-1: SINGLE (Line Drive, 7LM, EV 106.2 MPH)
|
|
Batting: SHB Dan Morataya
|
0-0: Called Strike 0-1: Foul Ball, location: 2F 0-2: Ball 1-2: Ball 2-2: Strikes out swinging
|
|
Batting: SHB Chris Hull
|
0-0: Ball 1-0: Ball 2-0: Called Strike 2-1: Swinging Strike 2-2: Foul Ball, location: 2F 2-2: Foul Ball, location: 2F 2-2: Strikes out looking
|
| Top of the 9th over - 0 runs, 1 hit, 0 errors, 1 left on base; Elizabethton 6 - Burlington 12 |
|